 Dungeon Crawl Stone Soup version 0.27.0-1-g7a089689b8 (webtiles) character file.

Game seed: 4542826151739041678

182 Limulus the Magician (level 5, 0/37 HPs)
             Began as a Djinni Artificer on Aug 2, 2021.
             Slain by an orc (2 damage)
             ... on level 3 of the Dungeon on Aug 3, 2021.
             The game lasted 00:15:35 (4196 turns).

Limulus the Magician (Djinni Artificer)             Turns: 4196, Time: 00:15:35

Health: 0/37       AC:  5    Str: 11    XL:     5   Next: 93%
Gold:   97         EV: 12    Int: 13    God:
                   SH:  0    Dex: 14

rFire    + + .     SeeInvis .   k - +2 dagger (venom)
rCold    . . .     Faith    .   (no shield)
rNeg     . . .     Spirit   .   t - +1 robe {rC+}
rPois    ∞         Reflect  .   u - +0 helmet
rElec    .         Harm     .   p - +0 cloak
rCorr    .         Rampage  .   (no gloves)
Will     .....                  (boots unavailable)
Stlth    ++........             (no amulet)
HPRegen  0.12/turn              (no ring)
MPRegen  0.00/turn              (no ring)

@: wereblooded, flying
A: sickness immunity, fire resistance 2, cold vulnerability 1, float, innate
caster, hp casting, extra vitality 1
a: no special abilities


You were on level 3 of the Dungeon.
You visited 1 branch of the dungeon, and saw 4 of its levels.

You collected 97 gold pieces.

Inventory:

Hand Weapons
 a - a +0 club
 k - a +2 dagger of venom (weapon)
Missiles
 g - 159 stones
 l - 14 poisoned darts
Armour
 b - a +0 leather armour
 h - a +0 tower shield
 i - a +0 kite shield
 j - a +0 scale mail
 p - a +0 cloak (worn)
 t - a +1 robe of cold resistance (worn)
 u - a +0 helmet (worn)
Magical Staves
 f - a staff of fire
Wands
 c - a wand of flame (2)
 d - a wand of charming (13)
Scrolls
 o - a scroll of magic mapping
 q - a scroll of identify {unknown}
Potions
 m - a potion of brilliance {unknown}
 n - a potion of flight {unknown}
 r - a potion of lignification {unknown}
 s - a potion of heal wounds {unknown}
 v - a potion of mutation {unknown}
Miscellaneous
 e - a piece from Xom's chessboard (13/15)


   Skills:
 - Level 1.0 Fighting
 - Level 1.0 Armour
 - Level 2.1 Dodging
 - Level 0.7 Stealth
 + Level 3.8 Spellcasting
 - Level 3.0 Evocations


You had 8 spell levels left.
You knew the following spells:

 Your Spells              Type           Power      Damage    Failure   Level
a - Magic Dart            Conj           48%        1d5       4%          1
b - Wereblood             Tmut           12%        N/A       6%          2
Your spell library was empty.

Dungeon Overview and Level Annotations

Branches:
Dungeon (4/15)
 Temple: D:4-7

Altars:
Fedhas

Annotations:
D:1 exclusion: downstairs
D:3 exclusion: downstairs


Innate Abilities, Weirdness & Mutations

You are immune to sickness and miasma.
You are immune to poison.
Your flesh is very heat resistant. (rF++)
You are vulnerable to cold. (rC-)
You float through the air rather than walking.
You learn spells naturally, not from books.
Your magical power is your life essence.
You have superior vitality. (+4 HP)


Message History

You fly downwards.
The scorpion stings you. The orc barely misses you. The scorpion stings you.
There is a stone staircase leading up here.
Unknown command.
The helpless orc fails to defend itself.
You hit the orc.
The orc is poisoned.
The orc is moderately wounded.
The scorpion misses you. The orc hits you but does no damage.
The scorpion stings you. x2
The orc wizard hits you but does no damage.
The orc hits you with a +0 dagger. The scorpion barely misses you.
The scorpion stings you.
The orc wizard points at you and mumbles some strange words.
You resist with some effort.
You fly upwards.
Level annotation: exclusion: downstairs
There is a stone staircase leading down here.
Okay, then.
Okay, then.
You make a move on Xom's chessboard...
The orc wizard is outlined in light.
The orc hits you but does no damage. The scorpion barely misses you.
The scorpion closely misses you.
The orc wizard hits you with a +0 dagger.
Unknown command.
Unknown command.
Unknown command.
You hit the orc wizard.
The orc wizard is poisoned.
The orc wizard is lightly wounded.
The scorpion stings you.
* * * LOW HITPOINT WARNING * * *
The orc hits you but does no damage. The scorpion closely misses you. x2
The orc wizard barely misses you.
The orc wizard hits you but does no damage.
The scorpion stings you.
* * * LOW HITPOINT WARNING * * *
The orc closely misses you. The orc wizard closely misses you.
The scorpion stings you!
* * * LOW HITPOINT WARNING * * *
The orc hits you with a +0 dagger.
You die...

#.# #.##...<..# #.#
#.......#.# #.#
####....... #.#
###..#.# #.# #..#.#
#.# ##..... #.#
##...#.. #.###
##.....##
#@#.######.......#
#os....##.........
##..o.>[.'.........
##.#......#.........
#.#.....#.##.......#
##...##...###.....##
##.####### ##...##
#.# ##'## #.# #.#


You could see a scorpion, an orc wizard (very poisoned, corona) and an orc.

Vanquished Creatures
  A scorpion (D:2)
  4 adders
  2 worms (D:2)
  4 dart slugs
  An orc (D:3)
  5 bats
  3 endoplasms
  A giant cockroach (D:2)
  4 hobgoblins
  9 jackals
  11 kobolds
  A quokka (D:2)
  7 ball pythons
  3 frilled lizards (D:1)
  4 goblins
  5 rats
65 creatures vanquished.

Vanquished Creatures (collateral kills)
  A frilled lizard (D:1)
1 creature vanquished.

Grand Total: 66 creatures vanquished

Notes
Turn   | Place    | Note
-------+----------+-------------------------------------------
     0 | D:1      | Limulus the Djinni Artificer began the quest for the Orb.
     0 | D:1      | Reached XP level 1. HP: 17/17 MP: 0/0
   432 | D:1      | Reached skill level 1 in Spellcasting
   432 | D:1      | Reached XP level 2. HP: 22/22 MP: 0/0
   868 | D:1      | Reached XP level 3. HP: 22/27 MP: 0/0
   868 | D:1      | Learned a level 1 spell: Magic Dart
  1721 | D:2      | Reached XP level 4. HP: 25/32 MP: 0/0
  2338 | D:2      | Noticed a scorpion
  2810 | D:2      | Killed a scorpion
  2811 | D:2      | Reached XP level 5. HP: 32/37 MP: 0/0
  2811 | D:2      | Learned a level 2 spell: Wereblood
  3170 | D:3      | Found a faded altar of an unknown god.
  3342 | D:3      | Found a blossoming altar of Fedhas.
  4107 | D:4      | Noticed an ogre
  4111 | D:4      | Noticed an ogre
  4196 | D:3      | Slain by an orc

Illustrated notes

Levels and vault maps discovered:
D:1:      scummos_arrival_star, layout_basic, minmay_misc_feat_plants,
          hangedman_decor_growths
D:2:      layout_loops_ring
D:3:      layout_loops_corners, lemuel_tele_altar,
          shapermc_ecumenical_altar_notcrosses
D:4:      layout_cave_pools

Skill      XL: |  1  2  3  4 |
---------------+-------------+-----
Spellcasting   | 1 2 3 |  3.8
Fighting       | |  1.0
Armour         | |  1.0
Dodging        | |  2.1
Stealth        | |  0.7
Evocations     | |  3.0

Action                   |  1- 3 |  4- 6 || total
-------------------------+-------+-------++-------
Melee: Club              |    23 |       ||    23
       Dagger            |    58 |    85 ||   143
 Cast: Magic Dart        |    10 |    27 ||    37
       Wereblood         |       |     1 ||     1
Evoke: Wand              |    11 |     4 ||    15
       Piece from Xom's  |       |     3 ||     3
  Use: Scroll            |       |     4 ||     4
 Stab: Sleeping          |       |     1 ||     1
       Petrified         |       |     1 ||     1
Armor: Leather armour    |    24 |    13 ||    37
       Robe              |       |    10 ||    10
Dodge: Dodged            |    58 |    56 ||   114
